 Dungeon Crawl Stone Soup version 0.29-a0-333-gb4c28e87c6 (webtiles) character file.

Game seed: 5308085036042556475

22 Murumi the Skirmisher (level 2, -1/27 HPs)
             Began as a Hill Orc Fighter on Apr 13, 2022.
             Slain by a gnoll
             ... wielding a +0 spear
              (5 damage)
             ... on level 1 of the Dungeon.
             The game lasted 00:02:01 (768 turns).

Murumi the Skirmisher (Hill Orc Fighter)             Turns: 768, Time: 00:02:02

Health: -1/27      AC:  6    Str: 18    XL:     2   Next: 91%
Magic:  2/2        EV:  9    Int:  8    God:
Gold:   26         SH:  4    Dex: 10    Spells: 1/1 levels left

rFire   . . .      SeeInvis .   a - +0 war axe
rCold   . . .      Faith    .   c - +0 buckler
rNeg    . . .      Spirit   .   b - +0 scale mail
rPois   .          Reflect  .   (no helmet)
rElec   .          Harm     .   (no cloak)
rCorr   .          Rampage  .   (no gloves)
Will    .....                   (no boots)
Stlth   ..........              (no amulet)
HPRegen 0.09/turn               (no ring)
MPRegen 0.08/turn               (no ring)

@: mighty, lethally poisoned (-1 -> -5)
A: no striking features
a: no special abilities


You were on level 1 of the Dungeon.
You visited 1 branch of the dungeon, and saw 2 of its levels.

You collected 26 gold pieces.

Inventory:

Hand Weapons
 a - a +0 war axe (weapon)
Armour
 b - a +0 scale mail (worn)
 c - a +0 buckler (worn)
Potions
 d - a potion of might
 f - a potion of degeneration {unknown}


   Skills:
 - Level 4.0 Fighting
 - Level 3.0 Axes
 + Level 3.4 Armour
 - Level 4.0 Shields


You had one spell level left.
You didn't know any spells.
Your spell library was empty.

Dungeon Overview and Level Annotations

Branches:
Dungeon (2/15)

Altars:


Message History

You kill the rat!
(D) Dungeon
Where to? (Enter - D:2, ? - help)
There is a stone staircase leading up here.
You climb upwards.
There is a stone staircase leading down here.
You see here a frilled lizard skeleton.
There is an escape hatch in the floor here.
There is a stone staircase leading down here.
You climb downwards.
The goblin shouts!
The gnoll shouts! x2
The gnoll hits you but does no damage. The gnoll hits you with a +0 halberd.
The goblin closely misses you.
The gnoll hits you with a +2 whip of venom.
You are poisoned.
The gnoll barely misses you. The gnoll completely misses you.
You block the gnoll's attack.
There is a stone staircase leading up here.
You feel very sick. You block the goblin's attack.
You block the gnoll's attack. The gnoll hits you with a +0 spear.
The gnoll hits you but does no damage. x2
You climb upwards.
* * * LOW HITPOINT WARNING * * *
You feel very sick.
There is a stone staircase leading down here.
You feel very mighty all of a sudden.
* * * LOW HITPOINT WARNING * * *
You feel sick. You block the gnoll's attack. The gnoll barely misses you.
You block the goblin's attack.
You hit the gnoll.
The gnoll is heavily wounded.
You hit the goblin.
You kill the goblin!
You closely miss the gnoll. You barely miss the gnoll.
* * * LOW HITPOINT WARNING * * *
You feel sick.
The gnoll hits you with a +2 whip of venom.
* * * LOW HITPOINT WARNING * * *
The gnoll hits you from afar with a +0 spear.
You die...

#.# #.# #.# #.# #.#
######.############## #.#
#.................... #.#
#.##.........######## #.#
#.##.#.######.......# #.#
#.##g#.# #.#####.# #.# #.##g#>#
#.# #.# #.####.##@#.# #.# #..
########.......g)g.# #.# #..
...............##### #.# ##..
######.##......##########.# #...
##...##.................# #...
###..#..#..........)....######...
..).###........########.# #......
###.#)#.##......## #.# #......
.........##..###.## #.# #......


You could see 4 gnolls.

Vanquished Creatures
  A dart slug (D:1)
  4 ball pythons
  An endoplasm (D:1)
  2 giant cockroaches (D:1)
  3 goblins (D:1)
  2 hobgoblins (D:1)
  2 bats (D:1)
  4 frilled lizards
  A kobold (D:1)
  A rat (D:2)
21 creatures vanquished.

Notes
Turn   | Place    | Note
-------+----------+-------------------------------------------
     0 | D:1      | Murumi the Hill Orc Fighter began the quest for the Orb.
     0 | D:1      | Reached XP level 1. HP: 19/19 MP: 1/1
    92 | D:1      | Reached XP level 2. HP: 21/27 MP: 2/2
   537 | D:1      | Found a faded altar of an unknown god.
   768 | D:1      | Slain by a gnoll

Illustrated notes

Levels and vault maps discovered:
D:1:      psy_arrival_basics, layout_loops_ring, ebering_ecumenical_altar_hall,
          minmay_hexomino_u4
D:2:      layout_basic, uniq_robin

Skill      XL: |  1  2 |
---------------+-------+-----
Axes           | 3 |  3.0
Fighting       | 4 |  4.0
Shields        | 4 |  4.0
Armour         | |  3.4

Action                   || total
-------------------------++-------
Melee: War axe           ||    59
  Use: Scroll            ||     1
       Potion            ||     1
Armor: Scale mail        ||    28
Dodge: Dodged            ||    31
Block: Buckler           ||    23

Table legend: (Time is in decaauts)
 A = Elapsed time spent in this place.
 B = Non-inter-level travel time spent in this place.
 C = Inter-level travel time spent in this place.
 D = Time resting spent in this place.
 E = Time spent auto-exploring this place.
 F = Levels seen in this place.
 G = Mean time per level.
                   A        B        C        D        E       F      G
               +--------+--------+--------+--------+--------+-----+--------+
         Total |    792 |    720 |     72 |      0 |    579 |   2 |  396.0 |
       Dungeon |    792 |    720 |     72 |      0 |    579 |   2 |  396.0 |
               +--------+--------+--------+--------+--------+-----+--------+

Top non-repeatable levels by time:
     D:1: 765 daAuts
     D:2: 27 daAuts
